cohdb
Replays
Latest Replays
All Replays
Popular Replays
Top Player Replays
Match Explorer
How It Works
Community
CoH3 Stats
Reddit
Sign in to upload your games and track your stats! →
Sign in with Steam
Match 41099045
Unlisted
Match 41099045
Overview
Messages
Build Orders
End
Scout Squad
Scout Squad
Selects Airborne Battlegroup
Selects Pathfinders
Pathfinder Squad
Construct Weapon Support Center
Construct Weapon Support Center
M1919 Machine Gun Team
Bazooka Squad
Construct Medical Station
Selects Paratrooper Squad Paradrop
Selects Recon Loiter
Mechanized Support Center
Engineer Squad
Paratrooper Squad Paradrop
Selects Anti-tank Gun Team Paradrop
Anti-tank Gun Team Paradrop
Recon Loiter
Construct Tank Depot
Selects Supply Drop
M4(105) Sherman Bulldozer
M4(105) Sherman Bulldozer
Recon Loiter
Salvage Crew
Selects Carpet Bombing Run
Supply Drop
Carpet Bombing Run
Paratrooper Squad Paradrop
darkkillerman
Junkz
Spartan-034-Silvio
luca magno
majestic_oo
ÃẸĞĮŜ
0
0
Comments
sign in to comment!
No comments posted yet!